Map: Selva profunda EE

Players

Mixihuitl

  • Race: Protoss Protoss
  • Spawn Location: 3:00

chupalokalel

  • Race: Terran Terran
  • Spawn Location: 1:00

ANacHRon

  • Race: Protoss Protoss
  • Spawn Location: 1:00

MrFercho - Winner!

  • Race: Zerg Zerg
  • Spawn Location: 7:00

tigro - Winner!

  • Race: Terran Terran
  • League: Bronze
  • Spawn Location: 7:00

TATORREA - Winner!

  • Race: Protoss Protoss
  • League: Silver
  • Spawn Location: 7:00

VOD

Have the link to the VOD?

Description

Time

  • Played on: June 10, 2020, 9:10 p.m.
  • Length: 18:58
Show
View Real Time Build Order
Export as new Build Order

Mixihuitl Protoss 

Build Orders: Carriers 

Get SALT Encoding   

  12  0:16  Probe  
  13  0:33  Pylon  
  13  0:42  Pylon  
  13  0:45  Probe  
  14  1:00  Probe  
  15  1:04  Gateway  
  15  1:08  Probe  
  15  1:11  Assimilator  
  16  1:18  Probe  
  17  1:36  Probe  
  17  1:44  Probe, Nexus  
  18  1:48  Assimilator  
  19  1:54  Probe  
  20  2:05  Forge  
  20  2:15  Pylon  
  20  2:22  Pylon  
  20  2:24  Probe  
  20  2:29  Pylon  
  21  2:32  Probe  
  22  2:42  Probe  
  23  2:51  Photon Cannon  
  23  3:00  Photon Cannon  
  23  3:05  Probe  
  24  3:09  Assimilator  
  24  3:24  Cybernetics Core  
  24  3:34  Photon Cannon  
  24  3:41  Photon Cannon  
  24  3:46  Photon Cannon  
  24  3:53  Pylon  
  24  3:56  Probe  
  25  4:08  Probe  
  26  4:13  Stargate  
  26  4:17  Pylon, Probe  
  26  4:18  Probe  
  28  4:25  Probe  
  29  4:33  Probe  
  29  4:36  Assimilator  
  30  4:41  Probe  
  31  4:56  Stargate  
  31  5:04  Protoss Air Weapons Level 1  
  31  5:06  Cybernetics Core  
  31  5:11  Void Ray  
  35  5:20  Pylon  
  35  5:21  Probe  
  36  5:29  Probe  
  37  5:40  Void Ray  
  41  5:54  Void Ray  
  45  6:05  Photon Cannon  
  45  6:36  Photon Cannon  
  45  6:38  Photon Cannon  
  45  6:39  Probe  
  45  6:44  Pylon  
  46  6:47  Probe  
  47  6:56  Void Ray x2  
  47  6:57  Probe  
  56  7:05  Probe  
  56  7:13  Probe  
  57  7:16  Fleet Beacon  
  57  7:22  Stargate  
  58  7:54  Photon Cannon  
  58  8:04  Pylon  
  58  8:08  Void Ray  
  58  8:10  Carrier x2  
  74  8:29  Protoss Air Armor Level 1, Photon Cannon  
  74  8:33  Protoss Air Weapons Level 2  
  74  8:45  Stargate  
  74  9:08  Carrier  
  80  9:26  Nexus  
  80  9:31  Carrier  
  80  9:35  Protoss Shields Level 1  
  86  9:48  Twilight Council  
  86  9:50  Pylon  
  86  10:16  Pylon  
  86  10:17  Assimilator  
  86  10:20  Assimilator, Pylon  
  86  10:45  Photon Cannon  
  86  10:46  Photon Cannon  
  86  10:49  Photon Cannon  
  86  10:50  Photon Cannon  
  86  10:52  Photon Cannon  
  86  10:55  Photon Cannon  
  86  11:06  Probe  
  87  11:18  Probe  
  87  11:19  Unknown  
  87  11:24  Probe  
  88  11:32  Probe  
  89  11:36  Carrier  
  80  12:01  Carrier  
  76  12:14  Protoss Air Armor Level 2  
  72  12:17  Protoss Air Weapons Level 3  
  72  12:22  Carrier  
  78  12:48  Carrier  
  78  12:49  Carrier  
  78  12:50  Probe  
  78  12:51  Protoss Shields Level 2  
  91  13:18  Carrier  
  97  13:38  Stargate  
  97  13:54  Stargate  
  97  14:07  Carrier x2  
  109  14:43  Nexus  
  109  14:46  Carrier  
  103  15:17  Pylon  
  103  15:19  Pylon  
  103  15:20  Probe  
  103  15:28  Probe  
  105  15:38  Probe  
  106  15:50  Carrier  
  112  16:12  Carrier  
  112  16:14  Protoss Air Armor Level 3  
  127  16:43  Pylon  
  126  16:49  Carrier, Pylon  
  126  16:52  Carrier x2  
  126  16:53  Pylon  
  126  16:59  Pylon  
  132  17:01  Carrier  
  132  17:07  Pylon  
  132  17:26  Phoenix  
  132  17:27  Phoenix  
  76  17:51  Phoenix  
Show
View Real Time Build Order
Export as new Build Order

chupalokalel Terran 

Build Orders:  

Get SALT Encoding   

  12  1:47  Supply Depot  
  12  2:10  Supply Depot  
  12  2:21  Refinery  
  12  2:23  SCV  
  13  2:33  Supply Depot  
  13  2:36  SCV  
  14  2:39  Barracks  
  14  2:47  Refinery  
  14  2:48  SCV  
  15  2:57  Supply Depot  
  15  3:00  SCV  
  16  3:12  SCV  
  17  3:19  Supply Depot  
  17  3:27  Barracks  
  17  3:37  Command Center  
  17  3:44  Supply Depot  
  17  4:01  Barracks Reactor  
  17  4:17  Barracks  
  17  4:25  Barracks Tech Lab  
  17  4:41  SCV  
  18  4:51  SCV  
  19  4:53  SCV  
  20  5:01  Refinery  
  20  5:03  SCV  
  21  5:07  Barracks  
  21  5:15  SCV  
  22  5:26  Refinery  
  22  5:27  SCV  
  23  5:37  Bunker  
  23  5:39  SCV  
  24  5:44  Barracks Tech Lab  
  24  6:02  Marauder x2  
  28  6:10  Bunker  
  28  6:23  Marauder x2  
  32  6:44  Marauder  
  32  6:45  Marauder  
  36  7:06  Marauder  
  38  7:24  Barracks Reactor  
  38  7:26  Barracks Tech Lab  
  38  7:27  Marauder  
  36  7:53  Combat Shield  
  36  7:55  Stimpack  
  36  8:08  Marauder x2  
  36  8:11  Marine x2  
  36  8:12  Marine x2  
  44  8:29  Marauder x2, Marine x3  
  44  8:30  Marine  
  52  8:47  Marine x4  
  56  8:50  Marauder  
  56  8:51  Marauder  
  60  9:04  Marine  
  60  9:05  Marine x2  
  63  9:12  Marauder x2, Concussive Shells  
  67  9:33  Marauder x2  
  71  9:43  Factory  
  71  10:00  Reaper  
  71  10:01  Reaper x5  
  77  10:29  Factory  
  77  10:33  Reaper  
  78  11:14  Factory  
  78  11:31  Reaper  
  78  11:33  SCV  
  78  11:34  Supply Depot, Reaper x2  
  67  12:05  Reaper x2, SCV  
  67  12:06  SCV, Reaper x2  
  62  12:08  Reaper  
  48  12:17  SCV  
  48  12:18  SCV  
  39  12:29  SCV  
  38  12:31  SCV  
  39  12:37  Reaper  
  39  12:41  SCV  
  39  12:43  SCV  
  42  12:55  SCV  
  43  13:46  Factory Tech Lab  
  43  13:47  Factory Tech Lab x2  
  43  14:00  Supply Depot  
  43  14:22  Supply Depot  
  43  14:37  Siege Tank  
  46  14:46  Supply Depot  
  46  15:09  Supply Depot, Siege Tank  
  49  15:33  Supply Depot  
  49  15:41  Siege Tank  
  50  15:57  Supply Depot  
  40  16:15  SCV  
  39  16:19  Siege Tank  
  39  16:27  SCV  
  39  16:39  SCV  
  40  16:51  SCV  
  40  16:52  Siege Tank  
  44  17:03  SCV  
Show
View Real Time Build Order
Export as new Build Order

ANacHRon Protoss 

Build Orders: Double Forge 

Get SALT Encoding   

  12  0:02  Probe  
  13  0:14  Probe  
  14  0:27  Pylon, Probe  
  15  0:45  Probe  
  16  0:57  Probe  
  17  1:20  Nexus  
  17  1:26  Assimilator  
  17  1:28  Assimilator  
  17  1:33  Pylon  
  17  1:34  Probe  
  18  1:46  Probe  
  19  1:51  Pylon  
  19  1:58  Probe  
  20  2:01  Gateway  
  20  2:03  Gateway  
  20  2:13  Gateway  
  20  2:19  Gateway  
  20  2:28  Probe  
  21  2:33  Assimilator  
  21  2:38  Assimilator  
  21  2:40  Probe  
  22  2:48  Probe  
  23  2:52  Probe  
  24  3:00  Probe  
  24  3:04  Probe  
  26  3:09  Zealot x2  
  26  3:10  Zealot  
  26  3:12  Probe  
  33  3:14  Zealot  
  35  3:21  Pylon  
  35  3:24  Probe  
  35  3:25  Pylon  
  36  3:33  Pylon  
  36  3:38  Pylon, Probe  
  37  3:50  Probe  
  38  3:56  Pylon  
  38  4:02  Probe  
  39  4:04  Forge  
  39  4:10  Forge  
  39  4:45  Cybernetics Core  
  39  4:46  Protoss Ground Weapons Level 1  
  39  4:47  Protoss Ground Armor Level 1  
  39  4:58  Forge  
  35  5:29  Stalker x4  
  43  5:41  Protoss Shields Level 1  
  28  5:58  Twilight Council, Stalker  
  28  5:59  Stalker x3  
  36  6:21  Probe  
  37  6:28  Stalker  
  37  6:29  Stalker x3  
  45  6:33  Probe  
  46  6:45  Probe  
  47  6:57  Probe  
  47  6:59  Gateway  
  48  7:09  Probe  
  48  7:13  Probe  
  50  7:22  Probe  
  48  7:25  Probe  
  41  7:49  Probe  
  42  8:01  Probe  
  43  8:10  Probe  
  44  8:13  Probe  
  45  8:22  Probe  
  45  8:26  Probe  
  41  8:38  Probe  
  28  8:52  Zealot x3  
  28  8:53  Zealot x2  
  38  9:01  Charge  
  38  9:06  Probe  
  39  9:18  Probe  
  40  9:30  Probe  
  41  9:44  Zealot  
  41  9:45  Zealot x2  
  47  9:48  Probe  
  48  9:53  Probe  
  49  10:00  Probe  
  49  10:05  Probe  
  51  10:32  Robotics Facility  
  51  10:35  Robotics Facility  
  51  10:38  Robotics Facility  
  51  10:42  Robotics Facility  
  51  10:45  Robotics Facility  
  51  10:50  Robotics Facility  
  51  11:02  Robotics Facility  
  51  11:07  Protoss Ground Weapons Level 2  
  51  11:09  Protoss Ground Armor Level 2  
  49  11:42  Photon Cannon  
  49  11:46  Photon Cannon  
  43  12:01  Photon Cannon  
  40  12:03  Photon Cannon  
  36  12:09  Photon Cannon  
  36  12:14  Robotics Bay  
  36  12:18  Photon Cannon  
  36  12:24  Photon Cannon  
  36  13:03  Pylon  
  36  13:22  Shield Battery  
  36  13:26  Photon Cannon  
  36  13:29  Photon Cannon  
  36  13:32  Photon Cannon  
  36  13:37  Photon Cannon  
  36  13:41  Pylon  
  36  13:45  Photon Cannon  
  36  14:00  Photon Cannon  
  36  14:10  Photon Cannon  
  36  14:18  Pylon  
  36  14:24  Pylon  
  27  14:31  Colossus  
  19  15:18  Nexus  
  19  15:26  Pylon  
Show
View Real Time Build Order
Export as new Build Order

MrFercho Zerg - Winner!

Build Orders: Pool First 

Get SALT Encoding   

  12  0:01  Drone  
  13  0:08  Drone  
  14  0:19  Overlord  
  14  0:48  Drone x3  
  17  0:53  Spawning Pool  
  16  1:27  Hatchery  
  16  1:29  Drone x3  
  18  1:36  Extractor  
  17  1:41  Overlord  
  17  1:42  Queen  
  19  1:54  Drone  
  20  2:03  Drone  
  21  2:13  Drone  
  22  2:29  Drone  
  23  2:34  Drone  
  24  2:39  Drone  
  25  2:47  Queen  
  27  2:51  Lair  
  27  2:54  Drone x3  
  30  3:01  Roach Warren  
  30  3:02  Drone x4  
  33  3:21  Overlord x2  
  33  3:36  Drone x3  
  36  3:44  Extractor  
  36  3:45  Extractor  
  34  4:04  Evolution Chamber  
  34  4:05  Evolution Chamber  
  32  4:10  Spore Crawler  
  32  4:15  Spine Crawler  
  30  4:33  Zerg Ground Armor Level 1, Zerg Missile Weapons Level 1  
  30  4:38  Extractor, Drone  
  30  4:39  Drone x3  
  30  4:40  Drone x2  
  30  4:44  Drone  
  36  4:46  Drone x6  
  42  5:12  Hatchery  
  41  5:18  Drone x2  
  41  5:20  Drone  
  44  5:28  Queen  
  46  5:37  Roach x3  
  46  5:42  Overlord x5  
  52  6:02  Overseer  
  52  6:08  Drone  
  52  6:10  Drone x7  
  60  6:24  Overlord x2  
  60  6:34  Spire  
  59  6:55  Drone x11  
  70  7:20  Zerg Missile Weapons Level 2, Zerg Ground Armor Level 2  
  70  7:23  Drone x2  
  70  7:24  Drone x5  
  77  7:32  Extractor  
  77  7:33  Extractor  
  75  8:00  Infestation Pit  
  74  8:09  Drone  
  74  8:11  Mutalisk x8  
  74  8:12  Mutalisk x5  
  101  8:54  Drone x3  
  101  8:55  Drone  
  105  8:58  Hatchery  
  104  9:03  Extractor  
  104  9:04  Extractor  
  104  9:06  Drone x4  
  104  9:07  Overlord  
  104  9:08  Overlord x4  
  104  9:09  Overlord x3  
  106  9:10  Overlord x3  
  106  9:11  Overlord  
  106  9:40  Drone x3  
  106  9:41  Drone x8  
  117  9:59  Mutalisk x4  
  125  10:09  Hive  
  125  10:16  Spire  
  124  10:30  Hydralisk Den  
  123  10:48  Drone x4  
  123  10:49  Drone x4  
  131  10:50  Drone  
  132  11:25  Mutalisk x9  
  150  11:38  Hydralisk  
  150  11:39  Hydralisk x3  
  144  11:47  Hatchery  
  144  11:49  Hatchery  
  128  11:54  Hydralisk x3  
  128  12:01  Greater Spire  
  128  12:08  Hatchery  
  127  12:09  Hatchery  
  127  12:13  Hatchery x3  
  123  12:18  Queen  
  125  12:30  Zerg Flyer Weapons Level 1  
  125  12:35  Grooved Spines  
  125  12:37  Mutalisk x12  
  149  12:51  Mutalisk x6  
  149  13:18  Extractor  
  146  13:20  Extractor  
  145  13:29  Drone x5  
  145  13:30  Drone  
  145  13:31  Drone  
  145  13:32  Drone  
  153  13:35  Mutalisk x17  
  153  13:36  Mutalisk  
  189  13:44  Metabolic Boost  
  189  13:46  Muscular Augments  
  189  14:27  Mutalisk  
  189  14:28  Mutalisk x4  
  153  15:03  Mutalisk x5  
  153  15:04  Mutalisk x11  
  141  15:38  Corruptor x6  
  141  15:39  Corruptor x3  
  117  16:47  Corruptor x6  
  117  16:48  Corruptor x14  
  157  17:18  Corruptor  
  157  17:19  Corruptor x9  
  177  17:26  Drone x2  
  179  17:44  Extractor  
  179  17:46  Extractor  
  177  17:52  Brood Lord x3  
  177  17:53  Brood Lord x3  
Show
View Real Time Build Order
Export as new Build Order

tigro Terran - Winner!

Build Orders:  

Get SALT Encoding   

  12  0:03  SCV  
  13  0:15  SCV  
  14  0:27  SCV  
  15  0:30  Supply Depot  
  15  0:35  Refinery  
  15  0:51  SCV  
  16  0:58  Barracks  
  16  1:03  SCV  
  17  1:15  SCV  
  17  1:16  Refinery  
  18  1:27  SCV  
  19  1:35  Supply Depot  
  20  1:40  SCV  
  20  1:48  Marine  
  21  1:58  Barracks  
  21  2:06  Marine  
  21  2:08  SCV  
  23  2:18  Engineering Bay  
  23  2:20  SCV  
  24  2:24  Marine  
  25  2:32  SCV  
  26  2:42  Marine  
  28  2:44  SCV  
  28  2:47  Barracks Tech Lab, Factory  
  28  2:59  Marine  
  28  3:01  Orbital Command  
  29  3:08  Terran Infantry Weapons Level 1  
  29  3:25  Barracks Tech Lab  
  29  3:27  Combat Shield  
  29  3:33  Factory Tech Lab  
  29  3:57  Starport  
  29  4:35  Stimpack  
  29  4:40  Medivac  
  31  4:46  Concussive Shells  
  31  4:49  Command Center  
  31  5:02  Terran Infantry Armor Level 1  
  31  5:04  Marine x2  
  33  5:22  Marine x2  
  33  5:26  Starport Tech Lab  
  35  5:40  Marine x2  
  35  5:41  Fusion Core  
  37  5:52  Starport  
  37  5:58  Marine x2  
  37  6:02  Refinery  
  39  6:07  SCV  
  40  6:15  Marine x2  
  42  6:19  SCV  
  43  6:31  SCV  
  44  6:35  Armory  
  44  6:41  Weapon Refit  
  44  6:43  SCV  
  45  6:55  SCV  
  45  6:56  Neosteel Armor  
  46  7:07  SCV  
  46  7:08  Refinery  
  47  7:20  SCV  
  48  7:25  Supply Depot  
  48  7:29  Starport Tech Lab  
  48  7:32  SCV  
  48  7:34  Medivac  
  51  7:44  SCV  
  52  7:50  Supply Depot  
  52  7:55  Thor  
  58  8:04  Battlecruiser  
  64  8:10  Planetary Fortress  
  64  8:29  Marine x2  
  66  8:36  Hi-Sec Auto Tracking  
  66  8:46  Marine  
  66  8:47  Marine  
  68  9:04  Marine  
  68  9:05  Marine  
  70  9:22  Marine x2  
  72  9:30  Missile Turret  
  72  9:32  Thor  
  72  9:33  Terran Infantry Weapons Level 2  
  78  9:53  Marine x2, Battlecruiser  
  78  9:55  Missile Turret  
  86  10:18  Missile Turret  
  86  10:44  Marine x2  
  88  10:58  Battlecruiser  
  94  11:30  Marine  
  94  11:36  Marine  
  90  11:48  Marine  
  90  11:49  Terran Infantry Armor Level 2  
  90  11:54  Marine  
  83  12:02  Battlecruiser  
  83  12:05  Marine  
  86  12:11  Marine  
  79  12:23  Marine  
  79  12:29  Marine  
  58  12:41  Marine  
  52  12:47  Marine  
  53  12:59  Marine  
  53  13:05  Marine  
  55  13:12  Missile Turret  
  55  13:15  Medivac  
  57  13:20  Thor  
  57  13:22  Command Center  
  57  13:26  Marine  
  57  13:27  Marine  
  64  13:33  Missile Turret  
  65  13:44  Marine x2  
  65  13:45  Medivac  
  69  13:53  Battlecruiser, Missile Turret  
  75  14:02  Marine x2  
  76  14:03  Thor  
  83  14:15  Battlecruiser  
  83  14:16  Missile Turret  
  89  14:20  Marine x2  
  91  14:35  Refinery  
  91  14:38  Marine x2, Missile Turret  
  93  14:49  Terran Infantry Weapons Level 3  
  93  14:56  Marine x2  
  93  14:58  Battlecruiser  
  101  15:13  Marine x2  
  103  15:19  Battlecruiser  
  109  15:31  Marine x2  
  80  15:49  Marine x2  
  57  16:02  Battlecruiser  
  63  16:07  Marine x2  
  65  16:22  Refinery  
  65  16:23  Medivac  
  65  16:25  Marine x2  
  69  16:42  Marine  
  69  16:43  Marine  
  71  16:53  Medivac  
  73  17:00  Marine x2  
  75  17:06  Battlecruiser  
  81  17:15  SCV  
  81  17:18  Marine x2  
  84  17:23  Battlecruiser  
Show
View Real Time Build Order
Export as new Build Order

TATORREA Protoss - Winner!

Build Orders: 1 Gate Expand, Carriers 

Get SALT Encoding   

  12  0:02  Probe  
  13  0:20  Probe  
  14  0:23  Pylon  
  14  0:32  Probe  
  15  0:44  Probe  
  16  0:51  Gateway  
  16  0:52  Gateway  
  16  0:57  Probe  
  17  1:05  Assimilator  
  17  1:09  Probe  
  18  1:21  Probe  
  19  1:35  Probe  
  20  1:44  Nexus  
  20  2:01  Probe  
  20  2:06  Cybernetics Core  
  20  2:07  Zealot  
  23  2:20  Assimilator  
  23  2:24  Pylon  
  23  2:42  Probe, Zealot  
  23  2:43  Warp Gate  
  26  2:58  Probe x2  
  28  3:10  Stargate  
  28  3:13  Stargate  
  28  3:14  Probe  
  28  3:15  Probe  
  30  3:26  Probe  
  31  3:27  Probe  
  32  3:39  Probe x2  
  34  3:47  Twilight Council  
  34  3:51  Probe x2  
  36  3:58  Gateway  
  36  4:04  Gateway  
  36  4:13  Pylon  
  36  4:16  Probe x2  
  38  4:17  Pylon  
  38  4:22  Oracle  
  41  4:25  Oracle, Pylon  
  44  4:39  Probe x2  
  46  4:51  Probe x2  
  48  4:53  Assimilator  
  48  4:54  Assimilator  
  48  5:03  Probe x2  
  48  5:15  Probe x2  
  48  5:24  Stalker x4  
  56  6:00  Probe x2  
  58  6:10  Stalker x3  
  64  6:11  Stalker  
  64  6:12  Probe x2  
  62  6:35  Nexus  
  62  6:39  Probe  
  62  6:40  Probe  
  62  6:42  Void Ray  
  62  6:43  Void Ray  
  70  6:47  Charge  
  70  6:55  Forge  
  70  6:57  Forge  
  70  7:00  Forge  
  70  7:02  Cybernetics Core  
  70  7:08  Pylon  
  70  7:11  Pylon  
  70  7:13  Pylon  
  70  7:16  Pylon  
  70  7:19  Pylon  
  70  7:22  Pylon  
  70  7:26  Probe x2  
  72  7:38  Probe x2  
  71  7:49  Void Ray x2  
  71  7:50  Protoss Ground Weapons Level 1, Probe x2  
  78  7:51  Protoss Ground Armor Level 1  
  78  7:52  Protoss Shields Level 1  
  78  7:58  Zealot x2  
  78  7:59  Zealot x2  
  78  8:02  Probe x2  
  88  8:14  Probe x2  
  88  8:17  Assimilator, Probe  
  91  8:21  Assimilator  
  91  8:26  Probe  
  91  8:27  Probe  
  91  8:29  Probe  
  86  8:37  Void Ray  
  86  8:38  Void Ray  
  86  8:39  Probe x2  
  94  8:41  Probe  
  91  8:50  Nexus  
  81  8:56  Fleet Beacon  
  81  8:59  Probe  
  82  9:11  Stalker  
  82  9:12  Stalker x3  
  90  9:20  Void Ray x2  
  98  9:25  Pylon  
  98  9:28  Pylon  
  98  9:41  Protoss Ground Weapons Level 2  
  98  9:42  Protoss Ground Armor Level 2  
  98  9:43  Protoss Shields Level 2  
  98  9:46  Unknown  
  98  9:47  Pylon  
  98  9:50  Gateway  
  98  9:51  Gateway, Pylon  
  98  9:53  Gateway  
  98  9:54  Pylon  
  98  9:55  Gateway  
  98  9:58  Gateway  
  98  10:00  Pylon  
  98  10:01  Robotics Facility  
  98  10:07  Protoss Air Weapons Level 1  
  98  10:10  Protoss Air Armor Level 1  
  98  10:18  Carrier  
  98  10:22  Stalker x2  
  98  10:23  Stalker x2  
  98  10:24  Tempest  
  106  10:30  Assimilator  
  106  10:35  Assimilator  
  117  11:10  Carrier  
  117  11:15  Zealot x3  
  117  11:16  Zealot x3  
  117  11:17  Zealot x3  
  141  11:22  Tempest  
  146  11:50  Zealot  
  146  11:51  Zealot x5  
  146  11:52  Zealot x3  
  158  11:58  Protoss Air Weapons Level 2  
  158  12:00  Protoss Air Armor Level 2  
  154  12:05  Oracle  
  143  12:11  Stalker x3  
  143  12:12  Stalker x3  
  143  12:14  Carrier, Zealot  
  143  12:15  Zealot x2  
  161  12:20  Protoss Ground Weapons Level 3  
  161  12:21  Protoss Ground Armor Level 3  
  161  12:30  Protoss Shields Level 3  
  157  12:42  Tempest  
  162  13:30  Tempest, Carrier  
  173  13:47  Zealot  
  173  13:48  Zealot x4  
  177  13:49  Zealot x3  
  177  13:50  Zealot  
  177  13:52  Nexus  
  191  14:10  Zealot x2  
  195  14:21  Protoss Air Weapons Level 3, Pylon  
  195  14:22  Protoss Air Armor Level 3  
  195  14:24  Pylon  
  151  14:38  Immortal  
  151  14:41  Pylon  
  151  14:42  Tempest, Carrier  
  151  14:45  Pylon  
  156  14:56  Zealot x3  
  156  14:57  Zealot x5  
  156  14:58  Zealot  
  174  15:25  Carrier  
  180  15:46  Tempest  
  185  16:00  Assimilator x2  
  185  16:03  Stalker x3  
  191  16:04  Stalker x3  
  191  16:05  Stalker  
Tags
 
Add a new tag
Caveats
  • Supply blocks, unpowered buildings, or Contaminate may cause inaccurate times.
  • Supply counts are checked every 10 seconds.